 Dungeon Crawl Stone Soup version 0.24-a0-232-g49d9ff8 (webtiles) character file.

Game seed: 8004802733844432048

146 xeno23 the Sneak (level 5, -13/36 HPs)
             Began as an Octopode Assassin on Apr 4, 2019.
             Mangled by Menkaure (14 damage)
             ... on level 4 of the Dungeon.
             The game lasted 00:04:30 (1991 turns).

xeno23 the Sneak (Octopode Assassin)                Turns: 1991, Time: 00:04:30

Health: -13/36     AC:  1    Str: 11    XL:     5   Next: 28%
Magic:  5/5        EV: 13    Int: 13    God:
Gold:   140        SH:  0    Dex: 14    Spells: 4/4 levels left

rFire    . . .     SeeInvis .   a - +1 dagger (drain)
rCold    . . .     Gourm    .   (no shield)
rNeg     . . .     Faith    .   (helmet restricted)
rPois    .         Spirit   .   (no amulet)
rElec    .         Reflect  .   (no ring)
rCorr    .         Harm     .   (no ring)
MR       .....                  (no ring)
Stlth    ++++......             (no ring)
HPRegen  0.12/turn              (no ring)
MPRegen  0.09/turn              (no ring)
                                (no ring)
                                (no ring)

@: no status effects
A: almost no armour, stealthy swim, amphibious, 8 rings, constrict 8, camouflage
1, gelatinous body 1
a: no special abilities


You were on level 4 of the Dungeon.
You were not hungry.

You visited 1 branch of the dungeon, and saw 4 of its levels.

You collected 140 gold pieces.

Inventory:

Hand Weapons
 a - a +1 dagger of draining (weapon)
 b - a +0 blowgun
Missiles
 c - 8 poisoned needles
 d - 2 curare-tipped needles
Scrolls
 e - a scroll of blinking {unknown}
 h - a scroll of fear {unknown}
 i - a scroll of magic mapping {unknown}
 j - a scroll of fog
 n - a scroll of remove curse {unknown}
 o - a scroll of identify {unknown}
 q - a scroll of teleportation {unknown}
Potions
 g - 2 potions of degeneration {unknown}
 k - a potion of curing {unknown}
 l - a potion of berserk rage {unknown}
 m - a potion of lignification {unknown}
 r - a potion of heal wounds {unknown}
Comestibles
 f - 4 rations
 p - 2 chunks of flesh


   Skills:
 + Level 2.8 Fighting
 * Level 3.5 Short Blades
 - Level 2.0 Throwing
 + Level 2.0 Dodging
 * Level 6.6 Stealth


You had 4 spell levels left.
You didn't know any spells.
Your spell library contained the following spells:

 Spells                   Type           Power        Failure   Level  Hunger
 Summon Butterflies       Summ           #.......     30%         1    ##.....
 Call Canine Familiar     Summ           #.......     67%         3    ####...
 Summon Ice Beast         Ice/Summ       #.......     97%         4    #####..
 Summon Mana Viper        Hex/Summ       #.......     100%        5    ######.
 Summon Hydra             Summ           #.........   100%        7    #######


Dungeon Overview and Level Annotations

Branches:
Dungeon (4/15)
 Temple: D:4-7

Altars:
Qazlal

Annotations:
D:4 Menkaure


Innate Abilities, Weirdness & Mutations

You cannot wear most types of armour.
You are very stealthy in the water. (Stealth+)
You are amphibious.
You can wear up to eight rings at the same time.
You can use your tentacles to constrict eight enemies at once.
Your skin changes colour to match your surroundings (Stealth+).
Your rubbery body absorbs attacks. (AC +1, EV +1)


Message History

Pain shoots through your body!
You take 1 damage.
Menkaure casts a spell.
Menkaure seems to speed up.
Found a stone staircase leading up.
You see here a hound corpse.
Okay, then.
You aren't carrying any items that you can evoke.
Press: ? - help, v - describe, . - travel
Here: Menkaure (fast)
The floor.
You see here a hound corpse.
Menkaure barely misses you.
As you read the scroll labeled IMNINNU ANYST, it crumbles to dust.
The scroll dissolves into smoke.
It was a scroll of fog.
Menkaure hits you!!
Ouch! That really hurt!
* * * LOW HITPOINT WARNING * * *
You take 21 damage.
Menkaure hits you!
You die...

## #.# ## #.# .?.#. ..#
#.#.## #.# #<...### #.#
#......# #.# #.##†#@#
#.# #..§§#M# #.#
###§§#§####.##########
#..§§§§§..............
#.#§§##§......########
#.#§§.........#########
?......................
.............(.#########
#.#.#...#########


You could see Menkaure.

Vanquished Creatures
  A hound (D:4)
  4 adders
  2 worms (D:2)
  3 dart slugs
  3 leopard geckos (D:3)
  2 orcs (D:3)
  2 giant cockroaches (D:1)
  10 goblins
  3 hobgoblins
  8 jackals
  8 bats
  3 frilled lizards
  6 kobolds
  8 rats
63 creatures vanquished.

Vanquished Creatures (others)
  5 toadstools (D:1)
5 creatures vanquished.

Grand Total: 68 creatures vanquished

Notes
Turn   | Place    | Note
-------+----------+-------------------------------------------
     0 | D:1      | xeno23 the Octopode Assassin began the quest for the Orb.
     0 | D:1      | Reached XP level 1. HP: 14/14 MP: 1/1
   161 | D:1      | Reached XP level 2. HP: 19/19 MP: 2/2
   315 | D:1      | Reached XP level 3. HP: 10/24 MP: 3/3
   844 | D:2      | Reached skill level 6 in Stealth
  1037 | D:2      | Reached XP level 4. HP: 26/30 MP: 4/4
  1739 | D:3      | Found a stormy altar of Qazlal.
  1741 | D:3      | Noticed a fire elemental
  1742 | D:3      | Noticed an earth elemental
  1742 | D:3      | Noticed an air elemental
  1742 | D:3      | Noticed a water elemental
  1847 | D:3      | Reached XP level 5. HP: 35/35 MP: 5/5
  1979 | D:4      | Noticed Menkaure
  1988 | D:4      | HP: 1/36 [Menkaure (21)]
  1991 | D:4      | Mangled by Menkaure

Levels and vault maps discovered:
D:1:      ldierk_walled_garden, layout_basic, serial_glass, glass_columns_a,
          glass_columns_a, glass_columns_a, roderic_lattice_a,
          hangedman_decor_clover_reticule, minmay_tetromino_t4
D:2:      layout_loops_corners
D:3:      layout_rooms, nicolae_qazlal_style_of_elements
D:4:      layout_basic, okawaru_ov_weapons_minmay, grunt_temple_overflow_open,
          grunt_dithmenos_shadows, first_ration, kennysheep_pointless_box,
          uniq_ijyb, uniq_natasha, uniq_menkaure, uniq_crazy_yiuf_cottage,
          uniq_eustachio

Skill      XL: |  1  2  3  4  5 |
---------------+----------------+-----
Stealth        | 6 |  6.6
Short Blades   | 3 |  3.5
Dodging        | 2 |  2.0
Fighting       | |  2.8
Throwing       | |  2.0

Action                   |  1- 3 |  4- 6 || total
-------------------------+-------+-------++-------
Melee: Dagger            |    56 |    73 ||   129
       Constrict         |    13 |    14 ||    27
       Tentacles         |    11 |    12 ||    23
  Use: Scroll            |       |     1 ||     1
 Stab: Sleeping          |     7 |     4 ||    11
       Distracted        |       |     1 ||     1
  Eat: Chunk             |       |     3 ||     3
Armor: Skin              |     2 |    15 ||    17
Dodge: Dodged            |    27 |    47 ||    74

Table legend:
 A = Non-vault XP
 B = Vault XP
 C = Vault XP percentage of total XP
 D = Non-vault monster count
 E = Vault monster count
 F = Vault count percentage of total count
                 A         B        C        D         E       F
            +---------+---------+-------+---------+---------+-------
      Total |     206 |       3 |   1.4 |      61 |       2 |   3.2
            +---------+---------+-------+---------+---------+-------
        D:1 |      33 |       3 |   8.3 |      18 |       2 |  10.0
        D:2 |      69 |       0 |   0.0 |      16 |       0 |   0.0
        D:3 |      61 |       0 |   0.0 |      26 |       0 |   0.0
        D:4 |      43 |       0 |   0.0 |       1 |       0 |   0.0
            +---------+---------+-------+---------+---------+-------
